Map: Deathaura LE

Players

Slaight - Winner!

  • Race: Protoss Protoss
  • League: Platinum
  • Spawn Location: 11:00

fetknol

  • Race: Zerg Zerg
  • League: Diamond
  • Spawn Location: 5:00

VOD

Have the link to the VOD?

Description

Time

  • Played on: Aug. 15, 2020, 9:14 a.m.
  • Length: 8:29
Show
View Real Time Build Order
Export as new Build Order

Slaight Protoss - Winner!

Build Orders: 1 Gate Expand, Chargelot Immortal 

Get SALT Encoding   

  12  0:01  Probe  
  13  0:13  Probe  
  14  0:18  Pylon  
  14  0:25  Assimilator  
  14  0:36  Gateway  
  14  0:40  Probe (Chrono Boost)  
  16  0:50  Probe (Chrono Boost)  
  16  0:55  Probe (Chrono Boost)  
  17  1:07  Probe  
  18  1:19  Probe  
  19  1:29  Nexus  
  19  1:31  Probe (Chrono Boost)  
  20  1:41  Probe (Chrono Boost)  
  20  1:45  Cybernetics Core  
  21  1:52  Assimilator  
  21  2:04  Probe  
  21  2:05  Pylon  
  22  2:18  Probe  
  22  2:22  Adept (Chrono Boost)  
  23  2:24  Robotics Facility  
  25  2:36  Probe  
  26  2:44  Twilight Council  
  27  2:51  Probe  
  27  2:52  Probe  
  27  2:56  Stalker (Chrono Boost)  
  28  3:04  Probe  
  31  3:06  Probe  
  32  3:23  Immortal (Chrono Boost)  
  36  3:50  Probe x2  
  36  3:51  Charge  
  36  3:52  Immortal (Chrono Boost)  
  40  4:02  Probe x2  
  42  4:05  Pylon  
  42  4:10  Pylon  
  42  4:14  Probe  
  43  4:26  Warp Prism  
  45  4:36  Gateway  
  45  4:37  Gateway  
  45  4:39  Gateway  
  45  4:41  Gateway  
  45  4:45  Gateway  
  45  5:00  Gateway  
  45  5:08  Gateway  
  45  5:12  Pylon  
  45  5:13  Pylon  
  45  5:28  Warp Gate (Chrono Boost)  
  45  5:42  Templar Archives  
  45  5:51  Probe x2  
  45  5:52  Assimilator  
  45  5:54  Assimilator  
  47  5:59  Immortal (Chrono Boost)  
  47  6:03  Probe x2  
  53  6:14  Psionic Storm  
  53  6:15  Probe x2, Pylon  
  53  6:16  Pylon  
  55  6:18  Pylon  
  55  6:21  Immortal  
  59  7:12  High Templar x3  
  59  7:13  Zealot  
  59  7:14  Zealot x4  
  75  7:18  Archon  
  75  7:36  Zealot x2  
  75  7:37  Zealot x3  
  83  7:45  Zealot x3  
  81  7:57  Zealot  
  81  7:58  Zealot x2  
Show
View Real Time Build Order
Export as new Build Order

fetknol Zerg 

Build Orders: Hatch First 

Get SALT Encoding   

  12  0:01  Drone  
  13  0:12  Overlord  
  13  0:16  Drone  
  14  0:31  Drone x2  
  16  0:50  Hatchery  
  16  0:53  Drone  
  16  0:56  Drone  
  17  1:00  Drone  
  18  1:05  Extractor  
  17  1:17  Drone  
  18  1:21  Spawning Pool  
  18  1:23  Drone  
  18  1:36  Drone  
  19  1:47  Drone  
  19  1:50  Overlord  
  20  2:09  Drone x2, Queen x2  
  26  2:25  Drone x2, Zergling x4  
  26  2:28  Metabolic Boost  
  30  2:44  Drone x3  
  33  3:02  Hatchery  
  32  3:13  Overlord, Drone x2  
  32  3:14  Drone x2  
  36  3:23  Drone, Baneling Nest  
  36  3:30  Queen  
  36  3:31  Drone x4  
  42  3:42  Drone x2  
  42  3:57  Drone x2  
  42  4:00  Overlord  
  42  4:02  Overlord  
  44  4:13  Overlord x2  
  44  4:23  Overlord  
  44  4:24  Drone x5  
  44  4:28  Extractor  
  48  4:34  Evolution Chamber  
  48  4:37  Drone x7  
  48  4:38  Drone x2  
  56  4:45  Queen  
  56  4:49  Queen  
  60  4:54  Extractor  
  60  4:55  Overlord  
  60  4:56  Zergling x4  
  60  4:57  Baneling x3  
  60  4:58  Zergling x2  
  62  5:07  Zergling x6  
  62  5:13  Zergling x6  
  62  5:14  Zergling x2  
  69  5:19  Drone x2  
  71  5:34  Zergling x2  
  71  5:35  Zergling x6  
  75  5:39  Extractor  
  75  5:42  Drone x2, Extractor  
  75  5:50  Evolution Chamber  
  75  5:51  Lair  
  75  5:54  Zerg Melee Weapons Level 1  
  74  5:58  Evolution Chamber  
  73  6:07  Drone x3  
  73  6:08  Drone x7  
  83  6:16  Drone x3  
  86  6:26  Baneling  
  86  6:27  Baneling x4  
  86  6:28  Zerg Ground Armor Level 1  
  86  6:31  Evolution Chamber  
  85  6:35  Drone  
  85  6:36  Drone x2  
  88  6:45  Extractor  
  86  6:48  Zergling x6  
  86  6:49  Overlord x2  
  86  6:50  Overlord x2  
  89  6:59  Overlord x2  
  89  7:04  Hydralisk Den  
  88  7:14  Zergling x16  
  96  7:43  Zergling x2  
  96  7:44  Zergling x26  
  81  7:52  Hydralisk x3  
  65  8:02  Zergling x4  
Tags
 
Add a new tag
Caveats
  • Supply blocks, unpowered buildings, or Contaminate may cause inaccurate times.
  • Supply counts are checked every 10 seconds.